 Dungeon Crawl Stone Soup version 0.31.0-11-ge490571c62 (webtiles) character file.

Game seed: 8785172314613637314

2280 Curundu the Protected (level 9, -1/112 HPs)
             Began as a Minotaur Berserker on Feb 9, 2024.
             Was an Elder of Trog.
             Slain by a hellwing (11 damage)
             ... summoned by a kobold demonologist
             ... in a bailey.
             The game lasted 00:18:31 (7234 turns).

Curundu the Protected (Minotaur Berserker)          Turns: 7234, Time: 00:18:32

Health: -1/112     AC:  4    Str: 26    XL:     9   Next: 16%
Magic:  8/8        EV:  9    Int:  8    God:    Trog [****..]
Gold:   287        SH:  0    Dex: 13    Spells: 8/8 levels left

rFire   . . .        l - +0 war axe
rCold   . . .        (no shield)
rNeg    . . .        e - +1 plate armour
rPois   .            (helmet restricted)
rElec   .            (no cloak)
rCorr   .            c - +1 pair of gloves of Yneanamp {Int+4 Dex+3}
SInv    .            A - +2 pair of boots {Stlth+}
Will    .....        (no amulet) Stlth
                     (no ring)
HPRegen 0.38/turn    (no ring)
MPRegen 0.11/turn

%: no passive effects
@: berserking, corroded, very quick
A: horns 2, retaliatory headbutt
a: Renounce Religion, Berserk, Trog's Hand, Brothers in Arms


You were in a bailey.
You worshipped Trog.
Trog was greatly pleased with you.
You visited 1 branch of the dungeon, and saw 7 of its levels.
You also visited: Bailey.

You collected 287 gold pieces.

Inventory:

Hand Weapons
 l - a +0 war axe (weapon)
Missiles
 k - 8 boomerangs (quivered)
 t - 2 throwing nets
Armour
 c - the +1 pair of gloves of Yneanamp (worn) {Int+4 Dex+3}
   (You acquired it on level 5 of the Dungeon)

   Int+4:     It affects your intelligence (+4).
   Dex+3:     It affects your dexterity (+3).
 e - a +1 plate armour (worn)
 A - a +2 pair of boots of stealth (worn)
Jewellery
 p - a ring of positive energy
 x - a ring of protection from cold
 y - a ring of protection from fire
Wands
 s - a wand of roots (7)
 v - a wand of flame (22)
Scrolls
 j - a scroll of fear
 n - a scroll of teleportation {unknown}
 o - a scroll of poison {unknown}
 w - 2 scrolls of brand weapon {unknown}
Potions
 b - 2 potions of berserk rage
 f - 3 potions of invisibility
 h - a potion of attraction {unknown}
 i - 2 potions of haste
 q - 5 potions of curing
 r - a potion of resistance {unknown}
 u - a potion of degeneration {unknown}
 z - a potion of mutation {unknown}


   Skills:
 + Level 5.7 Fighting
 + Level 7.5 Axes
 * Level 8.7 Armour
 * Level 5.2 Dodging
 * Level 4.8 Shields
 * Level 3.7 Evocations


You had 8 spell levels left.
You didn't know any spells.
Your spell library was empty.

Dungeon Overview and Level Annotations

Branches:
Dungeon (7/15)             Temple (0/1) D:6          Bailey (1/1)

Altars:
Cheibriados
Ru
Yredelemnul
The Shining One

Annotations:
D:5 2 transporters


Innate Abilities, Weirdness & Mutations

You have a pair of horns on your head.
You reflexively headbutt those who attack you in melee.


Message History

The hobgoblin hits you but does no damage.
The ice devil hits you. The ice devil freezes you!
The hellwing closely misses you.
The hellwing hits you but does no damage.
The smoke demon gestures at you.
The ball of steam hits the hobgoblin!
The hobgoblin dies!
The ball of steam hits you!
A red film seems to cover your vision as you go berserk!
You feel yourself moving faster!
You feel mighty!
You are engulfed in a cloud of scalding steam.
The rust devil completely misses you.
The ice devil hits you but does no damage.
The hellwing is engulfed in a cloud of scalding steam.
The hellwing hits you! The hellwing barely misses you.
The kobold demonologist mumbles some strange words.
You slash the ice devil! You headbutt the ice devil.
The ice devil is moderately wounded.
You hit the hellwing but do no damage. You barely miss the chaos spawn.
You hit the rust devil. The rust devil hits you. The rust devil corrodes you!
The ice devil barely misses you.
The hellwing is engulfed in a cloud of scalding steam.
The hellwing hits you but does no damage.
The hellwing barely misses you.
The kobold demonologist miscasts a cantrip.
The chaos spawn is engulfed in a cloud of scalding steam.
The chaos spawn bites you.
You are engulfed in flames!
* * * LOW HITPOINT WARNING * * *
You completely miss the ice devil.
The ice devil is moderately wounded.
You hit the chaos spawn. You barely miss the rust devil.
You barely miss the hellwing. The rust devil hits you.
The rust devil corrodes you!
The crimson imp summons a swarm of flies.
The ice devil hits you.
* * * LOW HITPOINT WARNING * * *
The ice devil freezes you!
* * * LOW HITPOINT WARNING * * *
The hellwing hits you!
You die...

#≈≈≈≈≈#.. #≈≈≈≈≈#.## ##### ###≈≈
#≈≈≈≈≈~.#. ....# #.~≈≈ #≈≈≈≈≈~.#
....# #.~≈≈ #≈≈≈≈≈~.#
....#####++#.~≈≈
#≈≈≈≈≈~.#########3§..##.....#.~≈≈
#≈≈≈≈≈~.#..8.8..#45..##.....'....
#≈≈≈≈≈~∩.......4@4K5.##..⌠..'....
#≈≈≈≈≈~.#..8.8..#45..##....)'....
#≈≈≈≈≈~.#########K5..##....)#.~≈≈
#≈≈≈≈≈~)#..# 3...#####''#.~≈≈
#≈≈≈≈≈~.#!?# ....#...)..#.~≈≈
#≈≈≈≈≈~.#?!+ ....#......#.~≈≈
#≈≈≈≈≈#.##############...######≈≈
#≈≈≈≈≈#....#.....!.8.8.8.# #≈≈
#≈≈≈≈≈#..).'.....#)......# #≈≈


You could see a soul eater (summoned), a hellwing (summoned), an ice devil
(summoned), a rust devil (summoned), 2 kobold demonologists, a smoke demon
(summoned), a chaos spawn (summoned), a crimson imp (summoned), a shadow imp
(summoned) and 2 ufetubi.

Vanquished Creatures
  A steam dragon (D:7)
  A water moccasin (D:5)
  2 ice beasts (D:6)
  6 orc warriors
  2 phantoms
  2 kobold brigands
  A howler monkey (D:4)
  2 electric eels (Bailey)
  2 bombardier beetles
  7 hounds
  2 orc priests (D:4)
  2 jellies
  An iguana (D:5)
  2 orc wizards (D:6)
  18 gnolls
  6 adders
  A shadow imp (D:6)
  2 white imps (D:5)
  2 ufetubi (D:5)
  2 dart slugs
  A ribbon worm (D:2)
  22 orcs
  10 endoplasms
  2 giant cockroaches
  16 goblins
  13 hobgoblins
  6 jackals
  2 quokkas
  5 ball pythons
  6 bats
  3 frilled lizards
  17 kobolds
  3 rats
170 creatures vanquished.

Vanquished Creatures (others)
  A hobgoblin (Bailey)
1 creature vanquished.

Grand Total: 171 creatures vanquished

Notes
Turn   | Place    | Note
-------+----------+-------------------------------------------
     0 | D:1      | Curundu the Minotaur Berserker began the quest for the Orb.
     0 | D:1      | Reached XP level 1. HP: 19/19 MP: 0/0
   156 | D:1      | Reached XP level 2. HP: 23/27 MP: 1/1
  1020 | D:2      | Reached XP level 3. HP: 33/33 MP: 2/2
  1033 | D:2      | Reached ** piety under Trog
  1087 | D:2      | Reached skill level 1 in Shields
  1229 | D:2      | Reached skill level 3 in Armour
  1229 | D:2      | Reached skill level 1 in Evocations
  1229 | D:2      | Reached XP level 4. HP: 11/40 MP: 3/3
  1231 | D:2      | HP: 3/60 [gnoll/+0 halberd (9)]
  1413 | D:2      | Found a faded altar of an unknown god.
  1747 | D:3      | Reached XP level 5. HP: 42/46 MP: 4/4
  2249 | D:3      | Found a sacrificial altar of Ru.
  2262 | D:3      | Reached *** piety under Trog
  2372 | D:3      | Found a glowing golden altar of the Shining One.
  2540 | D:3      | Found a snail-covered altar of Cheibriados.
  2556 | D:3      | Found a basalt altar of Yredelemnul.
  2904 | D:4      | Reached skill level 4 in Armour
  3010 | D:4      | Reached skill level 5 in Axes
  3010 | D:4      | Reached XP level 6. HP: 26/53 MP: 5/5
  3610 | D:4      | Reached skill level 5 in Armour
  3901 | D:4      | Reached XP level 7. HP: 35/60 MP: 6/6
  4417 | D:5      | Entered Level 5 of the Dungeon
  4417 | D:5      | Found a transporter.
  4881 | D:5      | Reached skill level 6 in Armour
  5066 | D:5      | Reached **** piety under Trog
  5237 | D:5      | Found a transporter.
  5727 | D:5      | Reached skill level 5 in Fighting
  5727 | D:5      | Reached XP level 8. HP: 66/68 MP: 7/7
  5739 | D:5      | Identified a scroll of acquirement
  5739 | D:5      | Acquired the +1 pair of gloves of Yneanamp {Int+4 Dex+3}
  5924 | D:6      | Reached skill level 7 in Armour
  6065 | D:6      | Found a staircase to the Ecumenical Temple.
  6660 | D:7      | Reached skill level 8 in Armour
  6706 | D:7      | Found a flagged portal.
  6721 | Bailey   | Entered a bailey
  6765 | Bailey   | Reached skill level 5 in Dodging
  6880 | Bailey   | Reached XP level 9. HP: 57/74 MP: 8/8
  7221 | Bailey   | Found an iron altar of Okawaru.
  7221 | Bailey   | Noticed a kobold demonologist
  7221 | Bailey   | Noticed a kobold demonologist
  7222 | Bailey   | Noticed a rust devil
  7226 | Bailey   | Noticed an ice devil
  7227 | Bailey   | Noticed a hellwing
  7230 | Bailey   | Noticed a soul eater
  7231 | Bailey   | Noticed a smoke demon
  7234 | Bailey   | Slain by a hellwing

Illustrated notes

Levels and vault maps discovered:
D:1:      denvon_arrival_planthouse, layout_loops_cross
D:2:      layout_rooms, shapermc_ecumenical_altar_totnotflames
D:3:      wander_river, layout_rooms, marbit_many_paths, hangedman_ru_absence,
          nicolae_overflow_squiral, chequers_avenue, dk_vineyard_1, wad_orctagon
D:4:      cheibrodos_thug_alley, layout_loops_ring,
          kennysheep_opposing_triangles
D:5:      gammafunk_wand_slinger, layout_basic, solitary_fountain,
          hangedman_decor_growths, roderic_lattice_a
D:6:      layout_loops_ring, minmay_temple_entry_water_ring
D:7:      layout_loops_ring, enter_bailey_3, uniq_pikel
Bailey:   bailey_axe_of_yendor_kennysheep, bailey

Skill      XL: |  1  2  3  4  5  6  7  8 |
---------------+-------------------------+-----
Axes           | 4 5 6 7 |  7.5
Shields        | 1 2 3 4 |  4.8
Fighting       | 4 5 |  5.7
Armour         | 3 4 5 6 8 |  8.7
Evocations     | 1 2 3 |  3.7
Dodging        | 3 4 5 |  5.2

Action                     |  1- 3 |  4- 6 |  7- 9 || total
---------------------------+-------+-------+-------++-------
  Melee: Hand axe          |    97 |   179 |   260 ||   536
         Headbutt          |    15 |    26 |    55 ||    96
         Punch             |       |     2 |     5 ||     7
         War axe           |       |       |    27 ||    27
 Invoke: Berserk           |     1 |     2 |     1 ||     4
         Trog's Hand       |       |     1 |     3 ||     4
    Use: Scroll            |     2 |       |    11 ||    13
   Stab: Sleeping          |     1 |       |       ||     1
 Armour: Animal skin       |    34 |       |       ||    34
         Ring mail         |    37 |    46 |       ||    83
         Chain mail        |       |   112 |   166 ||   278
         Plate armour      |       |       |   112 ||   112
  Dodge: Dodged            |    74 |   120 |   136 ||   330
